 Dungeon Crawl Stone Soup version 0.29-a0-1016-g236c7fd91e (webtiles) character file.

Game seed: 13346452833075663135

107730 leavemydog the Sorcerer (level 16, -5/94 HPs)
             Began as a Deep Elf Conjurer on Aug 9, 2022.
             Was a High Priest of Vehumet.
             Shot with an arrow by a deep elf master archer (37 damage)
             ... on level 3 of the Elven Halls.
             The game lasted 01:30:32 (25626 turns).

leavemydog the Sorcerer (Deep Elf Conjurer)        Turns: 25626, Time: 01:30:33

Health: -5/94      AC: 13    Str:  8    XL:     16   Next: 1%
Magic:  54/70      EV: 12    Int: 31    God:    Vehumet [*****.]
Gold:   1629       SH:  5    Dex: 14    Spells: 26/57 levels left

rFire   x . .      SeeInvis .   a - +7 mace of the Beast {pain, rElec rF- rC+ MP+9}
rCold   + . .      Faith    .   (no shield)
rNeg    . . .      Spirit   .   O - +2 robe {Archmagi}
rPois   .          Reflect  +   F - +2 helmet
rElec   +          Harm     .   w - +0 cloak
rCorr   .          Rampage  .   g - +0 pair of gloves
Will    +....      Archmagi +   D - +1 pair of boots
Stlth   +++.......              G - amulet of reflection
HPRegen 1.05/turn               R - ring of magical power
MPRegen 0.42/turn               M - ring of magical power

@: no status effects
A: iridescent scales 1, thin skeletal structure 1, regeneration 1, strong 1
a: Renounce Religion


You were on level 3 of the Elven Halls.
You worshipped Vehumet.
Vehumet was extremely pleased with you.
You visited 4 branches of the dungeon, and saw 21 of its levels.

You collected 2657 gold pieces.
You spent 1028 gold pieces at shops.

Inventory:

Hand Weapons
 a - the +7 mace of the Beast (weapon) {pain, rElec rF- rC+ MP+9}
   (You found it on level 6 of the Dungeon)

   In the hands of one skilled in necromantic magic, it inflicts extra damage on
   living creatures.
   rF:        It makes you vulnerable to fire.
   rC:        It protects you from cold.
   rElec:     It insulates you from electricity.
   MP:        It affects your magic capacity (+9).
Missiles
 y - 40 poisoned darts
Armour
 g - a +0 pair of gloves (worn)
 l - +0 steam dragon scales
 w - a +0 cloak (worn)
 D - a +1 pair of boots (worn)
 F - a +2 helmet (worn)
 O - a +2 robe of the Archmagi (worn)
Magical Staves
 i - a staff of cold
Jewellery
 m - a ring of poison resistance
 G - an amulet of reflection (around neck)
 J - a ring of willpower
 M - a ring of magical power (right hand)
 R - a ring of magical power (left hand)
Wands
 s - a wand of paralysis (17)
 v - a wand of roots (25)
 C - a wand of polymorph (5)
 H - a wand of acid (25)
 I - a wand of flame (8)
 V - a wand of digging (5)
 Z - a wand of mindburst (2)
Scrolls
 c - 4 scrolls of immolation
 d - 2 scrolls of amnesia
 j - 3 scrolls of noise
 n - 4 scrolls of fear
 o - 3 scrolls of magic mapping
 p - 8 scrolls of teleportation
 r - a scroll of blinking
 t - 2 scrolls of torment
 u - 4 scrolls of vulnerability
 x - 4 scrolls of brand weapon
 B - 2 scrolls of poison
 E - a scroll of silence
 L - 6 scrolls of identify
 Q - a scroll of fog
 T - a scroll of summoning {unknown}
Potions
 b - 4 potions of magic
 e - 3 potions of attraction
 f - 7 potions of flight
 h - 13 potions of curing
 k - a potion of might
 q - 3 potions of lignification
 z - a potion of invisibility
 A - 3 potions of heal wounds
 K - 3 potions of haste
 N - 2 potions of berserk rage
 P - a potion of ambrosia
 S - 3 potions of resistance
 W - a potion of brilliance


   Skills:
 * Level 8.3 Fighting
 - Level 2.4 Dodging
 - Level 2.4 Stealth
 - Level 0.1 Shields
 + Level 21.1 Spellcasting
 + Level 14.8 Conjurations
 - Level 11.2 Hexes
 - Level 10.0 Translocations
 * Level 3.0 Fire Magic
 + Level 0.1 Air Magic
 * Level 13.7 Earth Magic
 - Level 3.0 Poison Magic


You had 26 spell levels left.
You knew the following spells:

 Your Spells              Type           Power      Damage    Failure   Level
a - Magic Dart            Conj           100%       1d8       0%          1
b - Searing Ray           Conj           100%       2d8       0%          2
c - Iskenderun's Mystic   Conj/Tloc      100%       2d19      1%          4
d - Fulminant Prism       Conj/Hex       53%        3d23      1%          4
e - Stone Arrow           Conj/Erth      100%       3d13      0%          3
f - Mephitic Cloud        Conj/Pois/Air  81%        N/A       1%          3
g - Lee's Rapid Deconstr  Erth           54%        3d26*     1%          5
h - Olgreb's Toxic Radia  Pois           67%        N/A       1%          4
i - Fireball              Conj/Fire      46%        3d18      1%          5

Your spell library contained the following spells:

 Spells                   Type           Power      Damage    Failure   Level
 Sandblast                Erth           100%       2d20      0%          1
 Dazzling Flash           Conj/Hex       100%       N/A       0%          3
 Beastly Appendage        Tmut           98%        N/A       1%          1
 Necrotise                Necr           100%       1d9       1%          1
 Shock                    Conj/Air       100%       1d9       1%          1
 Summon Small Mammal      Summ           100%       N/A       1%          1
 Call Imp                 Summ           49%        N/A       1%          2
 Passwall                 Tmut/Erth      70%        N/A       1%          2
 Wereblood                Tmut           49%        N/A       1%          2
 Gell's Gravitas          Tloc           97%        N/A       1%          3
 Inner Flame              Hex/Fire       86%        N/A       1%          3
 Lesser Beckoning         Tloc           97%        N/A       1%          3
 Spider Form              Tmut/Pois      58%        N/A       1%          3
 Summon Guardian Golem    Hex/Summ       79%        N/A       1%          3
 Teleport Other           Tloc           97%        N/A       1%          3
 Tukima's Dance           Hex            100%       N/A       1%          3
 Cause Fear               Hex            50%        N/A       1%          4
 Passage of Golubria      Tloc           97%        N/A       1%          4
 Borgnjor's Vile Clutch   Necr/Erth      42%        N/A       1%          5
 Yara's Violent Unravell  Hex/Tmut       39%        3d16      1%          5
 Airstrike                Air            24%        2d(4-20)  2%          4
 Call Canine Familiar     Summ           49%        N/A       3%          3
 Swiftness                Air            49%        N/A       3%          3
 Vampiric Draining        Necr           49%        2d9       3%          3
 Summon Forest            Summ/Tloc      38%        N/A       3%          5
 Animate Dead             Necr           49%        N/A       11%         4
 Agony                    Necr           49%        N/A       28%         5
 Discord                  Hex            50%        N/A       56%         8
 Death Channel            Necr           24%        N/A       85%         6
 Summon Hydra             Summ           24%        N/A       100%        7


Dungeon Overview and Level Annotations

Branches:
Dungeon (15/15)            Temple (1/1) D:6            Lair (0/5) D:11
    Orc (2/2) D:12            Elf (3/3) Orc:2        Vaults (0/5) D:13
 Depths: D:15

Altars:
Ashenzari
Cheibriados
Dithmenos
Elyvilon
Fedhas
Gozag
Hepliaklqana
Kikubaaqudgha
Makhleb
Nemelex Xobeh
Okawaru
Qazlal
Ru
Sif Muna
Trog
Uskayaw
Vehumet
Wu Jian
Xom
Yredelemnul
Zin
The Shining One

Shops:
D:2 (   D:4 =   D:9 ?*[((   Orc:2 ?((!*   Elf:1 (   Elf:3 (((

Annotations:
Orc:1 2 transporters, QuickerDeath's ghost, journeyman MfIE
Elf:2 3 runed translucent doors


Innate Abilities, Weirdness & Mutations

You are partially covered in iridescent scales. (AC +2)
You have a somewhat thin skeletal structure. (Dex +2, Stealth+)
Your natural rate of healing is unusually fast.
Your muscles are strong. (Str +4, Int/Dex -1)


Message History

You kill the deep elf sorcerer!
Vehumet accepts your kill.
A deep elf master archer comes into view.
It is wearing the +0 plate armour of Bright Joy {Harm rCorr Str-2 Stlth+} and wearing the ring of Xom's Passing Interest {rElec rN+ Int+2 Dex+6 Stlth+}.
Things that are here:
a +0 short sword; a +0 ring mail You see here a +2 short sword of venom.
Things that are here:
a +0 rapier; a +0 rapier; a +0 leather armour The deep elf master archer wields a +0 longbow.
The deep elf master archer shoots an arrow.
The arrow hits you!!
Ouch! That really hurt!
Casting: Fireball (mildly dangerous; 1% risk of failure)
Confirm with . or Enter, or press ? or * to list all spells.
Aiming: Lee's Rapid Deconstruction (safe; 1% risk of failure)
Press: ? - help, Dir - move target A stone wall.
You feel a surge of power!
The wall shatters!
Vehumet accepts your kill.
You feel your power returning.
You feel a bit more experienced.
The blast of rock fragments hits the deep elf master archer!
The deep elf master archer is lightly wounded.
You hear a shout! x2
The deep elf master archer shoots an arrow.
The arrow hits you!
Your Fire Magic skill increases to level 3!
You have reached level 16!
You feel clever.
Casting: Lee's Rapid Deconstruction (safe; 1% risk of failure)
Confirm with . or Enter, or press ? or * to list all spells.
Aiming: Lee's Rapid Deconstruction (safe; 1% risk of failure)
Press: ? - help, Dir - move target A stone wall.
You feel a surge of power!
The wall shatters!
The blast of rock fragments hits the deep elf master archer!
The deep elf master archer is moderately wounded.
You hear a shout!
The deep elf master archer shoots an arrow.
The arrow hits you!!
You die...

.....# #)# .....# #.# .....# #.#
.....# #.# .[)..# #.# .....#
##e## .....### ##)..##
...).'.###########..#..#
#....#..........@).###.#
##.).###############
############ ##'###........##
#....#.... #.###.........######
#......... #...'..........'...#
#.........
##.###..........###.###[..†.....
#..# #.........## #...'.........
#..# #....#...## #####.........
##.∩# ##..###.## ##........


You could see a deep elf master archer.

Vanquished Creatures
  A deep elf blademaster (Elf:3)
  5 deep elf sorcerers
  A deep elf elementalist (Elf:3)
  A deep elf demonologist (Elf:1)
  Nessos (D:12)
  2 deep elf annihilators (Elf:3)
  A dire elephant (D:15)
  4 deep elf death magi
  An ettin (Orc:1)
  A deep elf high priest (Elf:3)
  4 vault guards (D:13)
  2 boulder beetles (D:14)
  4 hydras
  2 centaur warriors
  Erica (D:9)
  An ogre mage (D:13)
  10 two-headed ogres
  A death knight (D:13)
  10 dancing weapons
  The ghost of vurker the Skirmisher, a novice MiEn of Fedhas (D:11)
  16 deep elf knights
  An orb spider (shapeshifter) (D:11)
  Pikel (D:9)
  12 deep elf archers
  22 deep elf zephyrmancers
  29 deep elf pyromancers
  11 orc knights
  10 ugly things
  7 cyclopes
  A wolf spider (D:15)
  9 manticores
  An orc sorcerer (Orc:2)
  Joseph (D:8)
  2 gargoyles
  2 komodo dragons
  3 kobold demonologists (D:14)
  A queen bee (shapeshifter) (Elf:3)
  6 trolls
  3 slime creatures (D:13)
  A snapping turtle (shapeshifter) (Elf:1)
  7 air elementals
  A shadow (D:10)
  Sigmund (D:3)
  A water elemental (Elf:1)
  4 wraiths
  A wyvern (D:8)
  21 yaks
  2 vampires
  A hog (shapeshifter) (D:13)
  3 steam dragons
  3 fire elementals
  4 vampire mosquitoes (D:13)
  12 wargs
  3 acid dragons
  Duvessa (D:7)
  3 water moccasins
  34 orc warriors
  An ice beast (D:8)
  3 ogres
  9 centaurs
  4 lemures (D:9)
  5 kobold brigands
  2 phantoms (D:6)
  5 earth elementals
  8 bullfrogs
  2 necrophages
  5 scorpions
  8 wights
  Dowan (D:7)
  9 killer bees
  8 howler monkeys
  A lava snake (D:11)
  Crazy Yiuf (D:7)
  2 hounds
  A jelly (D:8)
  11 orc priests
  A gnoll bouda (Orc:1)
  Terence (D:3)
  An iguana (D:5)
  12 orc wizards
  Robin (D:2)
  7 adders
  7 gnolls
  A shadow imp (D:6)
  A white imp (D:6)
  2 ufetubi
  2 worms (D:2)
  2 dart slugs
  71 orcs
  7 endoplasms
  A giant cockroach (D:2)
  15 goblins
  9 hobgoblins
  31 kobolds
  6 quokkas
  6 ball pythons
  3 bats (D:1)
  6 frilled lizards
  8 rats
582 creatures vanquished.

Vanquished Creatures (others)
  59 fulminant prisms
  46 fungi (D:11)
  48 plants
153 creatures vanquished.

Grand Total: 735 creatures vanquished

Notes
Turn   | Place    | Note
-------+----------+-------------------------------------------
     0 | D:1      | leavemydog the Deep Elf Conjurer began the quest for the
                  | Orb.
     0 | D:1      | Reached XP level 1. HP: 10/10 MP: 6/6
   196 | D:1      | Reached XP level 2. HP: 15/15 MP: 2/8
   250 | D:1      | Learned a level 2 spell: Searing Ray
   458 | D:1      | Reached skill level 5 in Conjurations
   789 | D:1      | Reached XP level 3. HP: 19/19 MP: 5/9
  1258 | D:2      | Found Enosch's Weapon Shop.
  1579 | D:2      | Found a faded altar of an unknown god.
  1736 | D:2      | Reached skill level 4 in Spellcasting
  1798 | D:2      | Noticed Robin
  1801 | D:2      | Reached XP level 4. HP: 24/24 MP: 8/12
  1803 | D:2      | Killed Robin
  1956 | D:2      | Learned a level 4 spell: Iskenderun's Mystic Blast
  2556 | D:3      | Noticed Sigmund
  2562 | D:3      | Killed Sigmund
  2563 | D:3      | Reached skill level 5 in Spellcasting
  2563 | D:3      | Reached skill level 1 in Translocations
  2563 | D:3      | Reached XP level 5. HP: 28/28 MP: 4/15
  2641 | D:3      | Learned a level 4 spell: Fulminant Prism
  2732 | D:3      | Noticed Terence
  2738 | D:3      | Killed Terence
  2739 | D:3      | Reached XP level 6. HP: 32/32 MP: 11/16
  3068 | D:3      | Reached skill level 6 in Spellcasting
  3223 | D:3      | Noticed a water moccasin
  3230 | D:3      | Killed a water moccasin
  3231 | D:3      | Reached skill level 1 in Hexes
  4412 | D:4      | Reached XP level 7. HP: 36/36 MP: 13/19
  4602 | D:4      | Found Lebru's Jewellery Shop.
  4959 | D:5      | Entered Level 5 of the Dungeon
  5010 | D:5      | Reached skill level 7 in Spellcasting
  5918 | D:6      | Reached skill level 8 in Spellcasting
  5918 | D:6      | Reached XP level 8. HP: 31/41 MP: 11/22
  5976 | D:6      | Found a shimmering blue altar of Sif Muna.
  6032 | D:6      | Identified the +7 mace of the Beast {pain, rElec rF- rC+
                  | MP+9}
  6239 | D:6      | Found a staircase to the Ecumenical Temple.
  6367 | Temple   | Entered the Ecumenical Temple
  6397 | Temple   | Became a worshipper of Vehumet
  6700 | D:7      | Noticed a troll
  6902 | D:7      | Killed a troll
  6903 | D:7      | Reached skill level 9 in Spellcasting
  6997 | D:7      | Found a runed translucent door.
  6998 | D:7      | Noticed Crazy Yiuf
  7217 | D:7      | Found an ornate altar of the Wu Jian Council.
  7219 | D:7      | Found a shadowy altar of Dithmenos.
  7235 | D:7      | Reached skill level 5 in Hexes
  7268 | D:7      | Learned a level 3 spell: Stone Arrow
  7307 | D:7      | Noticed Duvessa
  7307 | D:7      | Noticed a two-headed ogre
  7310 | D:7      | Noticed Dowan
  7316 | D:7      | Killed a two-headed ogre
  7317 | D:7      | Reached skill level 10 in Spellcasting
  7317 | D:7      | Reached skill level 5 in Translocations
  7317 | D:7      | Reached XP level 9. HP: 45/45 MP: 18/25
  7450 | D:7      | Killed Duvessa
  7465 | D:7      | Killed Dowan
  7624 | D:7      | Reached * piety under Vehumet
  7624 | D:7      | Offered knowledge of Foxfire by Vehumet.
  7625 | D:7      | Reached skill level 1 in Earth Magic
  7857 | D:7      | Killed Crazy Yiuf
  7960 | D:8      | Identified the +3 sling of the Enfolding Hawk {venom, rPois
                  | rF+++ Int-4 Dex+4}
  7961 | D:8      | Gained mutation: Your spells are a little harder to cast,
                  | but a little more powerful. [potion of mutation]
  8269 | D:8      | Reached skill level 11 in Spellcasting
  8392 | D:8      | Lost mutation: Your spells are a little harder to cast, but
                  | a little more powerful. [potion of mutation]
  8392 | D:8      | Gained mutation: You are partially covered in iridescent
                  | scales. (AC +2) [potion of mutation]
  8392 | D:8      | Gained mutation: Your muscles are strong. (Str +4, Int/Dex
                  | -1) [potion of mutation]
  8392 | D:8      | Gained mutation: Your natural rate of healing is unusually
                  | fast. [potion of mutation]
  8392 | D:8      | Gained mutation: You have a somewhat thin skeletal
                  | structure. (Dex +2, Stealth+) [potion of mutation]
  8533 | D:8      | Reached skill level 10 in Conjurations
  8711 | D:8      | Noticed Joseph
  8719 | D:8      | Killed Joseph
  8720 | D:8      | Reached XP level 10. HP: 50/50 MP: 17/27
  8998 | D:9      | Found a hide-covered altar of Uskayaw.
  9046 | D:9      | Reached ** piety under Vehumet
  9046 | D:9      | Offered knowledge of Scorch by Vehumet.
  9055 | D:9      | Reached skill level 12 in Spellcasting
  9339 | D:9      | Found Toukon's General Store.
  9364 | D:9      | Bought a scroll of identify for 30 gold pieces
  9364 | D:9      | Bought a +2 helmet for 247 gold pieces
  9364 | D:9      | Bought a scroll of identify for 30 gold pieces
  9438 | D:9      | Found Ramm's Armour Boutique.
  9526 | D:9      | Found Ehayfase's Antique Weapon Boutique.
  9544 | D:9      | Noticed Erica
  9692 | D:9      | Noticed a two-headed ogre
  9697 | D:9      | Killed a two-headed ogre
  9743 | D:9      | Killed Erica
  9849 | D:9      | Found Ijyunoja's Weapon Emporium.
  9921 | D:9      | Noticed Pikel
  9992 | D:9      | Found Suof's Magic Scroll Shop.
 10000 | D:9      | Bought a scroll of fear for 56 gold pieces
 10000 | D:9      | Bought a scroll of identify for 28 gold pieces
 10000 | D:9      | Bought a scroll of teleportation for 42 gold pieces
 10000 | D:9      | Bought a scroll of blinking for 105 gold pieces
 10000 | D:9      | Bought a scroll of identify for 28 gold pieces
 10000 | D:9      | Bought a scroll of teleportation for 42 gold pieces
 10000 | D:9      | Bought a scroll of teleportation for 42 gold pieces
 10102 | D:9      | Reached skill level 13 in Spellcasting
 10258 | D:9      | Killed Pikel
 10259 | D:9      | Reached XP level 11. HP: 55/55 MP: 30/30
 10338 | D:10     | Entered Level 10 of the Dungeon
 10370 | D:9      | Reached skill level 1 in Fighting
 10443 | D:10     | Offered knowledge of Static Discharge by Vehumet.
 10566 | D:10     | Found a white marble altar of Elyvilon.
 10659 | D:10     | Noticed a boulder beetle
 11161 | D:11     | Found a large runed translucent door.
 11161 | D:11     | Found a large runed translucent door.
 11166 | D:11     | Reached *** piety under Vehumet
 11225 | D:11     | Noticed a glowing orange brain
 11234 | D:11     | Noticed a mana viper
 11234 | D:11     | a glowing orange brain changed into a mana viper
 11234 | D:11     | Noticed vurker's ghost (novice MiEn)
 11434 | D:11     | Noticed an orb spider
 11444 | D:11     | Killed an orb spider
 11445 | D:11     | Reached skill level 14 in Spellcasting
 11488 | D:11     | Offered knowledge of Mephitic Cloud by Vehumet.
 11493 | D:11     | Learned a level 3 spell: Mephitic Cloud
 11659 | D:11     | Noticed a two-headed ogre
 11664 | D:11     | Killed a two-headed ogre
 11699 | D:11     | Found a staircase to the Lair.
 11748 | D:11     | Noticed a two-headed ogre
 11753 | D:11     | Killed a two-headed ogre
 11970 | D:11     | Noticed a five-headed hydra
 11983 | D:11     | Killed a five-headed hydra
 12270 | D:11     | Identified a scroll of acquirement
 12275 | D:11     | Acquired 622 gold pieces
 12311 | D:12     | Noticed a white ugly thing
 12312 | D:12     | Noticed a deep elf pyromancer
 12325 | D:12     | Killed a deep elf pyromancer
 12326 | D:12     | Reached XP level 12. HP: 64/64 MP: 32/32
 12328 | D:12     | Reached skill level 10 in Hexes
 12439 | D:11     | Killed vurker's ghost
 12552 | D:12     | Reached skill level 15 in Spellcasting
 12751 | D:12     | Noticed Nessos
 12756 | D:12     | Killed Nessos
 12835 | D:12     | Reached **** piety under Vehumet
 12905 | D:12     | Found a staircase to the Orcish Mines.
 13126 | D:12     | Found a glowing silver altar of Zin.
 13236 | D:12     | Offered knowledge of Lee's Rapid Deconstruction by Vehumet.
 13244 | D:12     | Learned a level 5 spell: Lee's Rapid Deconstruction
 13727 | D:13     | Reached skill level 16 in Spellcasting
 13911 | D:13     | Noticed a centaur warrior
 13918 | D:13     | Killed a centaur warrior
 14012 | D:13     | Noticed a two-headed ogre
 14017 | D:13     | Killed a two-headed ogre
 14137 | D:13     | Found a gate to the Vaults.
 14137 | D:13     | Noticed a centaur warrior
 14137 | D:13     | Noticed a vault guard
 14137 | D:13     | Noticed a death knight
 14137 | D:13     | Noticed a vault guard
 14137 | D:13     | Noticed a vault guard
 14137 | D:13     | Noticed a four-headed hydra
 14137 | D:13     | Noticed a vault guard
 14410 | D:13     | Noticed a two-headed ogre
 14413 | D:13     | Noticed an ogre mage
 14413 | D:13     | Noticed a two-headed ogre
 14414 | D:13     | Noticed a two-headed ogre
 14416 | D:13     | Noticed a two-headed ogre
 14416 | D:13     | Noticed a two-headed ogre
 14418 | D:13     | Killed an ogre mage
 14421 | D:13     | Killed a two-headed ogre
 14422 | D:13     | Killed a two-headed ogre
 14423 | D:13     | Reached skill level 5 in Fighting
 14431 | D:13     | Killed a two-headed ogre
 14436 | D:13     | Killed a two-headed ogre
 14436 | D:13     | Killed a two-headed ogre
 14437 | D:13     | Reached skill level 5 in Earth Magic
 14437 | D:13     | Reached XP level 13. HP: 49/72 MP: 26/35
 14577 | D:13     | Reached skill level 17 in Spellcasting
 15122 | D:13     | Reached skill level 10 in Translocations
 16760 | D:15     | Entered Level 15 of the Dungeon
 16770 | D:15     | Reached skill level 18 in Spellcasting
 16773 | D:15     | Reached ***** piety under Vehumet
 16773 | D:15     | Offered knowledge of Olgreb's Toxic Radiance by Vehumet.
 16779 | D:15     | Learned a level 4 spell: Olgreb's Toxic Radiance
 16882 | D:15     | Noticed a dire elephant
 16893 | D:15     | Killed a dire elephant
 17026 | Orc:1    | Entered Level 1 of the Orcish Mines
 17037 | Orc:1    | Reached skill level 1 in Poison Magic
 17072 | Orc:1    | Found a transporter.
 17085 | Orc:1    | Noticed QuickerDeath's ghost (journeyman MfIE)
 17115 | Orc:1    | Found a transporter.
 17160 | Orc:1    | Noticed an ettin
 17169 | Orc:1    | Killed an ettin
 17934 | Orc:2    | Entered Level 2 of the Orcish Mines
 17939 | Orc:2    | Reached XP level 14. HP: 80/80 MP: 38/38
 18058 | Orc:2    | Found a staircase to the Elven Halls.
 18937 | Orc:2    | Found Xeyph's Firing Range.
 19315 | Orc:2    | Offered knowledge of Eringya's Noxious Bog by Vehumet.
 19488 | Orc:2    | Found Votev's General Store.
 19488 | Orc:2    | Found Asmimnyv's Distillery.
 19502 | Orc:2    | Bought a potion of haste for 120 gold pieces
 19502 | Orc:2    | Bought a potion of heal wounds for 60 gold pieces
 19502 | Orc:2    | Bought a potion of haste for 120 gold pieces
 19831 | Orc:2    | Found Nuxazouts's Weapon Boutique.
 19831 | Orc:2    | Found Odilax's Magic Scroll Shoppe.
 19845 | Orc:2    | Bought a scroll of teleportation for 39 gold pieces
 19845 | Orc:2    | Bought a scroll of teleportation for 39 gold pieces
 20057 | Elf:1    | Entered Level 1 of the Elven Halls
 20334 | Elf:1    | Reached skill level 19 in Spellcasting
 20703 | Elf:1    | Reached skill level 10 in Earth Magic
 21118 | Elf:1    | Paralysed by an air elemental for 1 turns
 21227 | Elf:1    | Got Sif Muna's Parchment of Beckoning
 21306 | Elf:1    | Found a radiant altar of Vehumet.
 21379 | Elf:1    | Found Cethop's Antique Weapon Shop.
 22239 | Elf:2    | Noticed a deep elf sorcerer
 22243 | Elf:2    | Killed a deep elf sorcerer
 22244 | Elf:2    | Reached XP level 15. HP: 75/86 MP: 40/40
 22283 | Elf:2    | Noticed a deep elf sorcerer
 22283 | Elf:2    | Killed a deep elf sorcerer
 22284 | Elf:2    | Reached skill level 20 in Spellcasting
 22445 | Elf:2    | Noticed a deep elf sorcerer
 22571 | Elf:2    | Paralysed by an air elemental for 1 turns
 22574 | Elf:2    | Paralysed by an air elemental for 1 turns
 22880 | Elf:2    | Killed a deep elf sorcerer
 23123 | Elf:2    | Found a runed translucent gate.
 23125 | Elf:2    | Found a runed translucent gate.
 23130 | Elf:2    | Found a runed translucent gate.
 23428 | Elf:2    | Offered knowledge of Fireball by Vehumet.
 23519 | Elf:1    | Learned a level 5 spell: Fireball
 23801 | Elf:2    | Reached skill level 1 in Fire Magic
 23880 | Elf:2    | Paralysed by an air elemental for 1 turns
 24098 | Elf:3    | Entered Level 3 of the Elven Halls
 24666 | Elf:3    | Identified the +8 quarterstaff of the Hall of Blades {vamp,
                  | Fragile rPois rCorr Str-2}
 24732 | Elf:3    | Found Jurph's Antique Weapon Emporium.
 24736 | Elf:3    | Found Atosuu's Antique Weapon Shoppe.
 24924 | Elf:3    | Found Gigrufug's Antique Weapon Shoppe.
 24989 | Elf:3    | Noticed a deep elf sorcerer
 25133 | Elf:3    | Killed a deep elf sorcerer
 25497 | Elf:3    | Identified the +4 long sword "Demonbane" {drain, Dex+2}
 25501 | Elf:3    | Reached skill level 21 in Spellcasting
 25548 | Elf:3    | Noticed a deep elf blademaster
 25552 | Elf:3    | Killed a deep elf blademaster
 25604 | Elf:3    | Identified the ring "Zaesapn" {rN+ SInv}
 25605 | Elf:3    | Identified the +5 rapier of the Devouring Gods {venom, Fly
                  | rF+ Will+}
 25605 | Elf:3    | Identified the +7 glaive of Eplokhlum {drain, rPois Int+2
                  | Stlth+}
 25605 | Elf:3    | Noticed a deep elf sorcerer
 25613 | Elf:3    | Killed a deep elf sorcerer
 25614 | Elf:3    | Identified the +0 plate armour of Bright Joy {Harm rCorr
                  | Str-2 Stlth+}
 25614 | Elf:3    | Identified the ring of Xom's Passing Interest {rElec rN+
                  | Int+2 Dex+6 Stlth+}
 25614 | Elf:3    | Noticed a deep elf master archer
 25626 | Elf:3    | Reached XP level 16. HP: 31/94 MP: 43/43
 25626 | Elf:3    | Shot with an arrow by a deep elf master archer

Illustrated notes

Levels and vault maps discovered:
D:1:      co_arrival_hexagon_in_a_hexagon, layout_loops_ring,
          hangedman_decor_peaks_small, solitary_fountain,
          nicolae_concentric_dashed_squares_mild
D:2:      layout_loops_ring, hellmonk_ecumenical_altar_inner_sanctum,
          serial_shops, nicolae_shop_bloodbath_and_beyond, minmay_unequal,
          uniq_robin
D:3:      kennysheep_big_flooded_room, layout_loops_corners, uniq_terence,
          uniq_sigmund
D:4:      layout_basic, serial_shops, shop, minmay_pentomino_pile
D:5:      layout_basic
D:6:      layout_cave_pools, minmay_temple_entry_junction,
          kennysheep_small_circle
D:7:      layout_rooms, chequers_temple_overflow_statue_of_worship,
          serial_glass, glass_columns_b, glass_columns_b,
          uniq_crazy_yiuf_cottage, uniq_duvessa
D:8:      layout_rooms, uniq_joseph
D:9:      layout_loops_cross, nicolae_uskayaw_dance_hall, serial_shops,
          nicolae_shop_hallway_stairs, nicolae_shop_advertising_works
          [nicolae_subvault_shop_adworks], shop, nicolae_diamond_shop, shop,
          uniq_erica, uniq_pikel
D:10:     layout_long_grid, mainiacjoe_overflow_alcove_1,
          minmay_misc_feat_four_crosses, palyth_stone_intersect,
          chequers_serial_rivers_micro_a
D:11:     layout_big_octagon, due_lair_maze_entry_diamond,
          ebering_ghost_disaster_area, minmay_misc_feat_square
D:12:     layout_basic, minmay_orc_entry_guard_dogs, zin_treasury, uniq_nessos
D:13:     layout_basic, lightli_vaults_fourway_checkpoint
D:14:     layout_basic, minmay_misc_feat_pillars, lemuel_old_faithful
D:15:     hangedman_depths_entry_try_elsewhere_first, layout_rooms,
          minmay_crystal_water, serial_shops, shop,
          nicolae_shop_temple_entry_statues_fountains, nicolae_lakefront_shop,
          nicolae_shop_crystal
Temple:   nicolae_temple_bog_church
Orc:1:    layout_caves, gammafunk_ghost_stat_death
Orc:2:    st_orc_town, layout_diamond_mine, nicolae_shop_firing_range
Elf:1:    nicolae_elf_arrival_fired_up, layout_loops_corners, serial_shops,
          shop, basic_altar, minmay_elf_demonology
Elf:2:    nicolae_elf_blades_splatter_lattice
          [nicolae_vaults_blade_armed_guards], layout_geoelf_grid,
          guppyfry_elf_castle, uniq_saint_roka
Elf:3:    elf_hall_gauntlet_narrow, layout_gridlike, serial_shops, shop, shop,
          shop, minmay_misc_feat_cross

Skill      XL: |  1  2  3  4  5  6  7  8  9 10 11 12 13 14 15 |
---------------+----------------------------------------------+-----
Conjurations   | 5 6 7 9 10 11 12 13 14 | 14.8
Spellcasting   | 4 5 6 8 10 11 13 14 16 18 19 21 | 21.1
Translocations | 1 2 3 5 6 7 8 9 10 | 10.0
Hexes          | 1 3 5 7 8 9 10 11 | 11.2
Earth Magic    | 2 5 7 11 13 | 13.7
Fighting       | 3 5 6 7 8 |  8.3
Poison Magic   | 1 3 |  3.0
Fire Magic     | 3 |  3.0
Dodging        | |  2.4
Stealth        | |  2.4
Shields        | |  0.1
Air Magic      | |  0.1

Action                   |  1- 3 |  4- 6 |  7- 9 | 10-12 | 13-15 | 16-18 || total
-------------------------+-------+-------+-------+-------+-------+-------++-------
Melee: Unarmed           |     2 |     2 |       |       |       |       ||     4
 Cast: Magic Dart        |    79 |    78 |   206 |   248 |   417 |       ||  1028
       Searing Ray       |     2 |     7 |    16 |    22 |     2 |       ||    49
       Fulminant Prism   |       |       |    11 |    25 |    23 |       ||    59
       Stone Arrow       |       |       |    18 |    83 |   264 |       ||   365
       Iskenderun's Myst |       |       |     8 |    46 |    79 |       ||   133
       Mephitic Cloud    |       |       |       |     1 |     5 |       ||     6
       Lee's Rapid Decon |       |       |       |     2 |   116 |     1 ||   119
       Olgreb's Toxic Ra |       |       |       |       |     2 |       ||     2
       Fireball          |       |       |       |       |    15 |       ||    15
  Use: Scroll            |       |     3 |     7 |    17 |     7 |       ||    34
       Potion            |       |       |     2 |     1 |     4 |       ||     7
Armor: Robe              |     1 |     2 |     1 |    34 |    47 |       ||    85
       Steam dragon scal |       |       |     4 |    21 |       |       ||    25
Dodge: Dodged            |     4 |     8 |    27 |    84 |    88 |       ||   211
Block: Other             |       |       |     3 |    40 |    43 |       ||    86
       Reflection        |       |       |     2 |     6 |    19 |       ||    27

Table legend: (Time is in decaauts)
 A = Elapsed time spent in this place.
 B = Non-inter-level travel time spent in this place.
 C = Inter-level travel time spent in this place.
 D = Time resting spent in this place.
 E = Time spent auto-exploring this place.
 F = Levels seen in this place.
 G = Mean time per level.
                   A        B        C        D        E       F      G
               +--------+--------+--------+--------+--------+-----+--------+
         Total |  25683 |  24515 |   1168 |   7536 |  13249 |  21 | 1223.0 |
       Dungeon |  16900 |  16009 |    891 |   4033 |   9707 |  15 | 1126.7 |
        Temple |    173 |    143 |     30 |      0 |    128 |   1 |  173.0 |
  Orcish Mines |   3031 |   2980 |     51 |   1003 |   1426 |   2 | 1515.5 |
   Elven Halls |   5576 |   5381 |    195 |   2500 |   1988 |   3 | 1858.7 |
               +--------+--------+--------+--------+--------+-----+--------+

Top non-repeatable levels by time:
   Elf:1: 2767 daAuts
   Orc:2: 1886 daAuts
    D:13: 1812 daAuts
   Elf:3: 1518 daAuts
     D:3: 1505 daAuts
    D:14: 1417 daAuts
     D:9: 1411 daAuts
     D:2: 1364 daAuts
   Elf:2: 1290 daAuts
    D:11: 1257 daAuts
     D:1: 1147 daAuts
   Orc:1: 1145 daAuts
     D:7: 1141 daAuts
    D:12: 1098 daAuts
     D:6: 1005 daAuts
